 Dungeon Crawl Stone Soup version 0.30.1-11-g7821555f0a (webtiles) character file.

Game seed: 4131733726233294710

1043 pkoi the Insei (level 8, -1/68 HPs)
             Began as a Green Draconian Monk on Nov 13, 2023.
             Was a Priest of Okawaru.
             Engulfed by a steam dragon's steam (5 damage)
             ... on level 7 of the Dungeon.
             The game lasted 00:06:12 (6049 turns).

pkoi the Insei (Green Draconian Monk)               Turns: 6049, Time: 00:06:12

Health: -1/68      AC:  7    Str: 19    XL:     8   Next: 4%
Magic:  10/12      EV: 16    Int: 14    God:    Okawaru [***...]
Gold:   334        SH:  0    Dex: 13    Spells: 10/12 levels left

rFire   . .          .
                       - Unarmed
rCold   . . .        b - orb {light}
rNeg    . . .        (body armour unavailable)
rPois   +            (helmet restricted)
rElec   .            (no cloak)
rCorr   .            u - +0 pair of gloves
SInv    .            (no boots)
Will    +....        (no amulet)
Stlth   +            h - ring of willpower
HPRegen 0.31/turn    q - +6 ring of strength
MPRegen 0.13/turn

%: no passive effects
@: heroic, glowing, studying Unarmed Combat
A: breathe noxious fumes, AC +6, unfitting armour, poison resistance,
cold-blooded
a: Breathe Noxious Fumes, Renounce Religion, Heroism


You were on level 7 of the Dungeon.
You worshipped Okawaru.
Okawaru was most pleased with you.
You visited 2 branches of the dungeon, and saw 8 of its levels.

You collected 334 gold pieces.

Inventory:

Hand Weapons
 n - a +0 short sword of flaming
 p - a +2 dagger of venom
Missiles
 l - 9 poisoned darts (quivered)
Armour
 b - an orb of light (worn)
 g - a +0 buckler
 u - a +0 pair of gloves (worn)
Jewellery
 f - a +6 ring of intelligence
 h - a ring of willpower (left hand)
 m - a ring of wizardry
 q - a +6 ring of strength (right hand)
 v - a ring of magical power
Wands
 s - a wand of roots (6)
 t - a wand of flame (23)
Scrolls
 c - 6 scrolls of teleportation
 d - a scroll of brand weapon
 i - 3 scrolls of identify
 o - a scroll of fog
 w - a scroll of vulnerability
Potions
 a - 2 potions of flight
 e - a potion of invisibility
 j - a potion of cancellation
 k - 5 potions of curing
 r - 2 potions of ambrosia


   Skills:
 + Level 5.2(10.2) Fighting
 + Level 4.3(9.3) Dodging
 + Level 7.0(12.0) Unarmed Combat
 + Level 2.9 Spellcasting
 + Level 2.9 Translocations
 + Level 3.3 Invocations


You had 10 spell levels left.
You knew the following spells:

 Your Spells              Type           Power      Damage    Failure   Level
a - Blink                 Tloc           20%        N/A       10%         2

Your spell library contained the following spells:

 Spells                   Type           Power      Damage    Failure   Level
 Lesser Beckoning         Tloc           20%        N/A       10%         2
 Momentum Strike          Conj/Tloc      12%        3d8       19%         2
 Foxfire                  Conj/Fire      8%         2x1d4     22%         1
 Ensorcelled Hibernation  Hex/Ice        4%         N/A       32%         2
 Spider Form              Tmut/Pois      2%         N/A       54%         3
 Anguish                  Hex/Necr       1%         N/A       91%         4
 Fireball                 Conj/Fire      1%         3d3       99%         5
 Plasma Beam              Fire/Air       1%         2x1d12    100%        6
 Starburst                Conj/Fire      1%         6d3       100%        6


Dungeon Overview and Level Annotations

Branches:
Dungeon (7/15)             Temple (1/1) D:6

Altars:
Ashenzari
Dithmenos
Elyvilon
Fedhas
Gozag
Hepliaklqana
Kikubaaqudgha
Makhleb
Nemelex Xobeh
Okawaru
Qazlal
Ru
Sif Muna
Trog
Uskayaw
Vehumet
Wu Jian
Yredelemnul
Zin
The Shining One


Innate Abilities, Weirdness & Mutations

You can breathe blasts of noxious fumes.
Your lurid green scales are hard. (AC +6)
You cannot fit into any form of body armour.
Your system is resistant to poisons. (rPois)
You are cold-blooded and may be slowed by cold attacks.


Message History

Done exploring.
As you read the scroll of identify, it crumbles to dust.
w - a scroll of vulnerability Done exploring.
Done exploring.
Done exploring.
Done exploring.
(D) Dungeon (T) Temple
Where to? (Enter - D:6, ? - help)
There is a stone staircase leading down here.
You climb downwards.
The steam dragon hisses angrily.
There is a stone staircase leading up here.
A steam dragon is nearby!
The steam dragon breathes steam at you. The ball of steam hits you!
You are engulfed in a cloud of scalding steam.
You punch the steam dragon!
The steam dragon is moderately wounded.
You are engulfed in a cloud of scalding steam.
You hit the steam dragon but do no damage.
You tail-slap the steam dragon, but do no damage.
The steam dragon is moderately wounded.
You are engulfed in a cloud of scalding steam.
The steam dragon bites you!
The steam dragon claws you but does no damage.
You punch the steam dragon!
The steam dragon is severely wounded.
You are engulfed in a cloud of scalding steam.
The steam dragon barely misses you. x2
You hit the steam dragon but do no damage.
The steam dragon is severely wounded.
You are engulfed in a cloud of scalding steam.
* * * LOW HITPOINT WARNING * * *
The steam dragon breathes steam at you. The ball of steam hits you!
* * * LOW HITPOINT WARNING * * *
You gain the combat prowess of a mighty hero.
You are engulfed in a cloud of scalding steam.
You die...

#
#.####
#...<#
####ยง#
#@# #D#
#.# #.#
#.# #.#
#.# #.#


You could see a steam dragon (catching breath).

Vanquished Creatures
  A black bear (D:5)
  2 phantoms
  A kobold brigand (D:6)
  4 scorpions
  3 jellies
  2 orc priests
  3 hounds
  3 sleepcaps
  Terence (D:3)
  An iguana (D:6)
  A gnoll (D:1)
  4 adders
  A shadow imp (D:6)
  2 ufetubi (D:5)
  A worm (D:2)
  3 dart slugs
  15 orcs
  4 bats
  6 endoplasms
  2 giant cockroaches (D:1)
  6 goblins
  3 hobgoblins
  A jackal (D:3)
  7 kobolds
  A quokka (D:1)
  5 ball pythons (D:1)
  3 rats
86 creatures vanquished.

Notes
Turn   | Place    | Note
-------+----------+-------------------------------------------
     0 | D:1      | pkoi the Draconian Monk began the quest for the Orb.
     0 | D:1      | Reached XP level 1. HP: 19/19 MP: 1/1
   231 | D:1      | Reached XP level 2. HP: 26/26 MP: 2/2
   551 | D:1      | Reached skill level 4 in Unarmed Combat
   555 | D:1      | Reached XP level 3. HP: 20/31 MP: 3/3
  1041 | D:2      | Identified a scroll of acquirement
  1041 | D:2      | Acquired a manual of Unarmed Combat
  1844 | D:3      | Noticed Terence
  1871 | D:3      | Killed Terence
  1872 | D:3      | Reached skill level 5 in Unarmed Combat
  1872 | D:3      | Reached XP level 4. HP: 13/38 MP: 4/4
  2321 | D:3      | Found an iron altar of Okawaru.
  2322 | D:3      | Found a glowing silver altar of Zin.
  2698 | D:3      | Became a worshipper of Warmaster Okawaru
  2698 | D:3      | Reached * piety under Okawaru
  2698 | D:3      | Reached ** piety under Okawaru
  2818 | D:4      | Learned a level 2 spell: Blink
  2824 | D:4      | Noticed a phantom
  2844 | D:4      | Killed a phantom
  2845 | D:4      | Reached skill level 1 in Invocations
  2845 | D:4      | Reached XP level 5. HP: 29/46 MP: 4/6
  2958 | D:4      | Reached skill level 1 in Spellcasting
  2958 | D:4      | Reached skill level 1 in Translocations
  3357 | D:4      | Reached XP level 6. HP: 39/52 MP: 7/7
  3457 | D:4      | Found a bloodstained altar of Trog.
  3790 | D:5      | Entered Level 5 of the Dungeon
  4200 | D:5      | Reached skill level 6 in Unarmed Combat
  4225 | D:5      | Your scales start taking on a lurid green colour.
  4225 | D:5      | Reached XP level 7. HP: 56/60 MP: 8/10
  4225 | D:5      | Gained mutation: Your system is resistant to poisons.
                  | (rPois) [Green Draconian growth]
  4527 | D:5      | HP: 2/60 [orc priest/+0 whip (3)]
  5057 | D:6      | Found a staircase to the Ecumenical Temple.
  5071 | D:6      | Reached *** piety under Okawaru
  5078 | D:6      | Reached skill level 5 in Fighting
  5192 | Temple   | Entered the Ecumenical Temple
  5434 | D:6      | Reached skill level 7 in Unarmed Combat
  5893 | D:6      | Reached XP level 8. HP: 48/68 MP: 12/12
  6049 | D:7      | Engulfed by a steam dragon's steam

Illustrated notes

Levels and vault maps discovered:
D:1:      saegor_arrival_simple_d, layout_loops_cross
D:2:      layout_basic, minmay_misc_feat_hallway
D:3:      layout_basic, mainiacjoe_overflow_catwalk_spiral, minmay_cut_off,
          uniq_terence
D:4:      layout_basic, lemuel_round_altar, chequers_garden
D:5:      layout_loops_ring
D:6:      layout_rooms, minmay_temple_entry_overgrown
D:7:      layout_loops_ring, glass_columns_a, grunt_potential
Temple:   bh_familiar_temple

Skill      XL: |  1  2  3  4  5  6  7 |
---------------+----------------------+-----
Unarmed Combat | 4 5 6 7 |  7.0
Dodging        | 3 4 |  4.3
Invocations    | 1 2 3 |  3.3
Fighting       | 4 5 |  5.2
Spellcasting   | 1 2 |  2.9
Translocations | 1 2 |  2.9

Action                     |  1- 3 |  4- 6 |  7- 9 || total
---------------------------+-------+-------+-------++-------
  Melee: Unarmed           |    99 |   127 |   107 ||   333
         Tailslap          |    16 |    20 |    22 ||    58
  Throw: Dart              |     4 |       |       ||     4
 Invoke: Heroism           |       |       |     2 ||     2
    Use: Scroll            |    10 |     5 |     2 ||    17
         Potion            |     2 |     4 |     1 ||     7
 Armour: Skin              |    20 |    44 |    19 ||    83
  Dodge: Dodged            |    47 |    71 |    55 ||   173
